 Dungeon Crawl Stone Soup version 0.31.0-1-g2c135a008e (webtiles) character file.

Game seed: 4478456662897543212

1817 qw the Shooter (level 9, -3/65 HPs)
             Began as a Djinni Hunter on Jan 23, 2024.
             Was a Believer of Okawaru.
             Slain by a boulder beetle (16 damage)
             ... on level 6 of the Dungeon.
             The game lasted 00:00:27 (4493 turns).

qw the Shooter (Djinni Hunter)                      Turns: 4493, Time: 00:00:28

Health: -3/65      AC:  6    Str: 19    XL:     9   Next: 32%
Gold:   292        EV: 16    Int: 11    God:    Okawaru [**....] SH:  0 Dex: 25

rFire   + + .        a - +2 shortbow
rCold   x . .        (shield currently unavailable)
rNeg    + . .        c - +2 leather armour of Aticsex {Str+5 Dex+6}
rPois   inf          (no helmet)
rElec   .            b - scarf {repulsion}
rCorr   .            h - +0 pair of gloves
SInv    .            (boots unavailable)
Will    .....        e - amulet of faith
Stlth   ++           f - ring of positive energy
HPRegen 1.10/turn    (no ring)
MPRegen 0.00/turn

%: repel missiles, faith, infuse magic (-4 HP)
@: about to teleport, flying
A: sickness immunity, fire resistance 2, cold vulnerability 1, float, innate
caster, HP casting, extra vitality 1, regeneration 1, strong 1, wild magic 1,
MP-powered wands
a: Renounce Religion, Heroism


You were on level 6 of the Dungeon.
You worshipped Okawaru.
Okawaru was pleased with you.
You visited 2 branches of the dungeon, and saw 7 of its levels.

You collected 292 gold pieces.


Innate Abilities, Weirdness & Mutations

You are immune to sickness and miasma.
You are immune to poison.
Your flesh is very heat resistant. (rF++)
You are vulnerable to cold. (rC-)
You float through the air rather than walking.
You learn spells naturally, not from books.
Your magical power is your life essence.
You have superior vitality. (+4 MHP)
Your natural rate of healing is unusually fast.
Your muscles are strong. (Str +4, Int/Dex -1)
Your spells are a little harder to cast, but a little more powerful.
You expend health (3 HP) to strengthen your wands.


   Skills:
 - Level 5.0 Fighting
 + Level 7.4 Ranged Weapons
 - Level 2.0 Armour
 - Level 6.0 Dodging
 - Level 0.7 Stealth
 + Level 3.5 Invocations


You knew the following spells:

 Your Spells              Type           Power      Damage    Failure   Level
a - Summon Small Mammal   Summ           0%         N/A       47%         1
b - Lesser Beckoning      Tloc           0%         N/A       63%         2
c - Fugue of the Fallen   Necr           0%         N/A       83%         3
d - Call Canine Familiar  Summ           0%         N/A       83%         3
Your spell library was empty.

Inventory:

Hand Weapons
 a - a +2 shortbow (weapon)
Armour
 b - a scarf of repulsion (worn)
 c - the +2 leather armour of Aticsex (worn) {Str+5 Dex+6}
   (You took it off a goblin on level 4 of the Dungeon)

   Str+5:     It affects your strength (+5).
   Dex+6:     It affects your dexterity (+6).
 h - a +0 pair of gloves (worn)
 i - a +1 cloak
Jewellery
 e - an amulet of faith (around neck)
 f - a ring of positive energy (left hand)
Wands
 o - a wand of polymorph (9)
Scrolls
 d - 3 scrolls of teleportation
Potions
 j - 2 potions of enlightenment
 k - 4 potions of curing
 l - a potion of cancellation
 p - a potion of berserk rage {unknown}

Dungeon Overview and Level Annotations

Branches:
Dungeon (6/15)             Temple (1/1) D:5

Altars:
Ashenzari
Cheibriados
Elyvilon
Fedhas
Hepliaklqana
Makhleb
Nemelex Xobeh
Okawaru
Qazlal
Ru
Trog
Wu Jian
Xom
Zin
The Shining One


Message History

You shoot an arrow.
The arrow hits the boulder beetle but does no damage.
The boulder beetle is lightly wounded.
The boulder beetle leaps!
You start resting.
A boulder beetle is nearby!
You shoot an arrow. The arrow hits the boulder beetle.
The boulder beetle is lightly wounded.
You shoot an arrow. The arrow hits the boulder beetle.
The boulder beetle is lightly wounded.
You shoot an arrow.
The arrow hits the boulder beetle but does no damage.
The boulder beetle is lightly wounded.
The boulder beetle curls into a ball and begins rolling!
You shoot an arrow.
The arrow hits the boulder beetle but does no damage.
The boulder beetle is lightly wounded.
You shoot an arrow.
The arrow hits the boulder beetle but does no damage.
The boulder beetle is lightly wounded.
You shoot an arrow.
The arrow hits the boulder beetle but does no damage.
The boulder beetle is lightly wounded.
The boulder beetle hits you!!
The boulder beetle stops rolling and uncurls.
You shoot an arrow. The arrow hits the boulder beetle.
The boulder beetle is moderately wounded.
The boulder beetle barely misses you.
You shoot an arrow.
The arrow hits the boulder beetle but does no damage.
The boulder beetle is moderately wounded.
The boulder beetle misses you.
You shoot an arrow. The arrow hits the boulder beetle.
The boulder beetle is moderately wounded.
The boulder beetle bites you!!
4493 ||| READING 4 scrolls of teleportation.
As you read the scroll of teleportation, it crumbles to dust.
You feel strangely unstable. The boulder beetle bites you!
You die...

#.................##
#.####.......?###.#
#........# #.##
#........# #.%#
#........# ##..
#........######
##+#+####..............
#......B....##.........
#.....@# ##.##.........
#......# #.# ........
#......####.# ........
#..)...'..#.# ........
#......##.#.# ........
#......##.#.# #######'
#########.#.# #.. #.#.#
#.. ######'#'### #..


You could see a boulder beetle.

Vanquished Creatures
  Prince Ribbit (D:5)
  Edmund (D:5)
  Duvessa (D:5)
  A sky beast (D:6)
  An ogre (D:5)
  A phantom (D:5)
  A kobold brigand (D:6)
  Blork the orc (D:5)
  2 scorpions (D:4)
  Dowan (D:5)
  4 bombardier beetles
  5 hounds
  A jelly (D:5)
  A gnoll bouda (D:5)
  2 iguanas (D:5)
  6 orc wizards (D:6)
  Ijyb (D:5)
  A sleepcap (D:5)
  10 gnolls
  4 adders
  2 white imps
  A dart slug (D:4)
  4 ribbon worms
  15 orcs
  6 ball pythons
  8 bats
  12 endoplasms
  3 giant cockroaches
  7 goblins
  7 hobgoblins
  6 jackals
  A quokka (D:3)
  4 frilled lizards
  13 kobolds
  4 rats
139 creatures vanquished.

Notes
Turn   | Place    | Note
-------+----------+-------------------------------------------
     0 | D:1      | qw the Djinni Hunter began the quest for the Orb.
     0 | D:1      | Reached XP level 1. HP: 18/18 MP: 0/0
     0 | D:1      | 0 ||| qw: Version: 0.3-a-134-g2ba4250
     0 | D:1      | 0 ||| qw: Game counter: 736
     0 | D:1      | 0 ||| qw: Melee chars always use a shield: true
     0 | D:1      | 0 ||| qw: God list: Okawaru
     0 | D:1      | 0 ||| qw: Allow faded altars: false
     0 | D:1      | 0 ||| qw: Do Orc after clearing Dungeon:15 true
     0 | D:1      | 0 ||| qw: Do second Lair branch before Depths: true
     0 | D:1      | 0 ||| qw: Lair rune preference: random
     0 | D:1      | 0 ||| qw: Goals: Normal
     0 | D:1      | 0 ||| PLANNING D:1-11
   215 | D:1      | Reached XP level 2. HP: 18/23 MP: 0/0
   648 | D:1      | 648 ||| UPGRADING to +2 leather armour of fire resistance.
   658 | D:1      | 658 ||| DROPPING +0 leather armour.
   659 | D:1      | 659 ||| UPGRADING to +0 cloak.
   664 | D:1      | 664 ||| UPGRADING to amulet of faith.
   669 | D:1      | 669 ||| READING 4 scrolls labelled OCAUFA LOGAO.
   673 | D:1      | 673 ||| READING scroll labelled GOLIDILERIPH.
   674 | D:1      | 674 ||| DROPPING scroll of butterflies.
   707 | D:2      | Reached XP level 3. HP: 27/28 MP: 0/0
   707 | D:2      | Learned a level 1 spell: Summon Small Mammal
   708 | D:2      | Reached skill level 4 in Ranged Weapons
  1509 | D:2      | Reached XP level 4. HP: 34/34 MP: 0/0
  1519 | D:2      | Reached skill level 3 in Fighting
  1734 | D:2      | 1734 ||| READING 3 scrolls labelled CAUSEIGIDEAQU.
  1734 | D:2      | 1734 ||| IDENTIFYING sedimented dark potion
  1735 | D:2      | 1735 ||| READING 2 scrolls of identify.
  1735 | D:2      | 1735 ||| IDENTIFYING sapphire potion
  1736 | D:2      | 1736 ||| READING scroll of identify.
  1736 | D:2      | 1736 ||| IDENTIFYING silvery potion
  1737 | D:2      | 1737 ||| READING scroll labelled NIUVON PEGU.
  1738 | D:2      | 1738 ||| READING scroll labelled ITEIFA ENENOT.
  1738 | D:2      | 1738 ||| ENCHANTING +0 cloak.
  1739 | D:2      | 1739 ||| READING scroll labelled WUUDEER ORU.
  1740 | D:2      | 1740 ||| DRINKING 2 amethyst potions.
  1741 | D:2      | 1741 ||| DROPPING potion of invisibility.
  1842 | D:3      | Found a faded altar of an unknown god.
  1851 | D:3      | Reached skill level 3 in Dodging
  1892 | D:3      | Reached XP level 5. HP: 32/40 MP: 0/0
  1892 | D:3      | Learned a level 2 spell: Lesser Beckoning
  2100 | D:3      | Reached XP level 6. HP: 46/46 MP: 0/0
  2476 | D:3      | Reached skill level 5 in Ranged Weapons
  2532 | D:3      | 2532 ||| UPGRADING to +0 pair of gloves.
  2537 | D:3      | 2537 ||| READING 2 scrolls of identify.
  2537 | D:3      | 2537 ||| IDENTIFYING smoky dark potion
  2538 | D:3      | 2538 ||| READING scroll of identify.
  2538 | D:3      | 2538 ||| IDENTIFYING inky potion
  2539 | D:3      | 2539 ||| READING scroll labelled EHEELEU USEWU.
  2540 | D:3      | 2540 ||| READING scroll labelled XUETAE METIOW.
  2540 | D:3      | 2540 ||| ENCHANTING +0 shortbow.
  2541 | D:3      | 2541 ||| DROPPING potion of lignification.
  2601 | D:4      | Found an ornate altar of the Wu Jian Council.
  2603 | D:4      | Found a stormy altar of Qazlal.
  2609 | D:4      | Found a bloodstained altar of Trog.
  2662 | D:4      | Identified the +2 leather armour of Aticsex {Str+5 Dex+6}
  2663 | D:4      | 2663 ||| READING scroll labelled MAQUAPN EFAFOJIPPA.
  2716 | D:4      | Found a burning altar of Makhleb.
  2722 | D:4      | 2722 ||| READING scroll of enchant weapon.
  2722 | D:4      | 2722 ||| ENCHANTING +1 shortbow.
  3028 | D:4      | 3028 ||| DROPPING +0 ring mail of cold resistance.
  3029 | D:4      | 3029 ||| UPGRADING to +2 leather armour of Aticsex {Str+5
                  | Dex+6}.
  3039 | D:4      | 3039 ||| DROPPING +2 leather armour of fire resistance.
  3047 | D:5      | Entered Level 5 of the Dungeon
  3047 | D:5      | Noticed Edmund
  3048 | D:5      | 3048 ||| ZAPPING wand of quicksilver (9) at 5,-7 (Edmund;
                  | floor).
  3049 | D:5      | 3049 ||| ZAPPING wand of quicksilver (8) at 4,-6 (Edmund;
                  | floor).
  3050 | D:5      | 3050 ||| ZAPPING wand of quicksilver (7) at 3,-5 (Edmund;
                  | floor).
  3051 | D:5      | 3051 ||| STAIRDANCE
  3058 | D:4      | Reached XP level 7. HP: 49/51 MP: 0/0
  3058 | D:4      | Learned a level 3 spell: Fugue of the Fallen
  3067 | D:5      | 3067 ||| ZAPPING wand of quicksilver (6) at -1,1 (Edmund;
                  | floor).
  3067 | D:5      | Killed Edmund
  3119 | D:5      | 3119 ||| RETREEEEATING.
  3121 | D:5      | 3121 ||| RETREEEEATING.
  3128 | D:5      | 3128 ||| RETREEEEATING.
  3129 | D:5      | 3129 ||| RETREEEEATING.
  3141 | D:5      | HP: 13/52 [hound (3)]
  3142 | D:5      | 3142 ||| READING 5 scrolls of teleportation.
  3143 | D:5      | 3143 ||| DRINKING potion of heal wounds.
  3146 | D:5      | Found a staircase to the Ecumenical Temple.
  3146 | D:5      | Noticed Duvessa
  3147 | D:5      | 3147 ||| PLANNING TEMPLE
  3147 | D:5      | 3147 ||| FLEEEEING.
  3148 | D:5      | 3148 ||| FLEEEEING.
  3148 | D:5      | Noticed Dowan
  3149 | D:5      | 3149 ||| FLEEEEING.
  3150 | D:5      | 3150 ||| FLEEEEING.
  3151 | D:5      | 3151 ||| FLEEEEING.
  3152 | D:5      | 3152 ||| FLEEEEING.
  3153 | D:5      | 3153 ||| RETREEEEATING.
  3154 | D:5      | 3154 ||| RETREEEEATING.
  3155 | D:5      | 3155 ||| RETREEEEATING.
  3156 | D:5      | 3156 ||| RETREEEEATING.
  3157 | D:5      | 3157 ||| RETREEEEATING.
  3158 | D:5      | 3158 ||| RETREEEEATING.
  3160 | D:5      | 3160 ||| RETREEEEATING.
  3161 | D:5      | 3161 ||| RETREEEEATING.
  3162 | D:5      | 3162 ||| RETREEEEATING.
  3163 | D:5      | 3163 ||| RETREEEEATING.
  3164 | D:5      | 3164 ||| RETREEEEATING.
  3165 | D:5      | 3165 ||| RETREEEEATING.
  3166 | D:5      | 3166 ||| RETREEEEATING.
  3167 | D:5      | 3167 ||| RETREEEEATING.
  3168 | D:5      | 3168 ||| RETREEEEATING.
  3169 | D:5      | 3169 ||| RETREEEEATING.
  3171 | D:5      | 3171 ||| ZAPPING wand of quicksilver (5) at 1,-2 (Duvessa;
                  | floor).
  3172 | D:5      | 3172 ||| ZAPPING wand of quicksilver (4) at 1,-1 (Duvessa;
                  | floor).
  3173 | D:5      | 3173 ||| ZAPPING wand of quicksilver (3) at 1,-1 (Duvessa;
                  | floor).
  3173 | D:5      | Killed Duvessa
  3174 | D:5      | Reached XP level 8. HP: 33/58 MP: 0/0
  3174 | D:5      | 3174 ||| ZAPPING wand of quicksilver (2) at 1,-1 (Dowan;
                  | floor).
  3186 | D:5      | Reached skill level 6 in Ranged Weapons
  3194 | D:5      | Killed Dowan
  3320 | D:5      | 3320 ||| UPGRADING to scarf of repulsion.
  3333 | Temple   | Entered the Ecumenical Temple
  3334 | Temple   | 3334 ||| PLANNING OKAWARU WORSHIP
  3343 | Temple   | Became a worshipper of Warmaster Okawaru
  3344 | Temple   | 3344 ||| PLANNING D:1-11
  3363 | D:5      | Noticed Ijyb
  3367 | D:5      | 3367 ||| DRINKING 3 potions of curing.
  3367 | D:5      | 3367 ||| (to cure confusion)
  3382 | D:5      | Killed Ijyb
  3441 | D:5      | Noticed Blork the orc
  3456 | D:5      | 3456 ||| ZAPPING wand of quicksilver (1) at 2,2 (Blork the
                  | orc; floor).
  3456 | D:5      | Killed Blork the orc
  3560 | D:5      | Noticed Prince Ribbit
  3569 | D:5      | Killed Prince Ribbit
  3569 | D:5      | Reached * piety under Okawaru
  3570 | D:5      | Reached skill level 7 in Ranged Weapons
  3629 | D:5      | 3629 ||| FLEEEEING.
  3696 | D:5      | Reached skill level 1 in Invocations
  3696 | D:5      | Reached XP level 9. HP: 58/62 MP: 0/0
  3696 | D:5      | Learned a level 3 spell: Call Canine Familiar
  3806 | D:5      | 3806 ||| UPGRADING to ring of positive energy.
  3807 | D:5      | 3807 ||| READING scroll of identify.
  3807 | D:5      | 3807 ||| IDENTIFYING orange potion
  3808 | D:5      | 3808 ||| DRINKING potion of mutation.
  3808 | D:5      | Gained mutation: Your muscles are strong. (Str +4, Int/Dex
                  | -1) [potion of mutation]
  3808 | D:5      | Gained mutation: You expend health (3 HP) to strengthen
                  | your wands. [potion of mutation]
  3808 | D:5      | Gained mutation: Your natural rate of healing is unusually
                  | fast. [potion of mutation]
  3808 | D:5      | Gained mutation: Your spells are a little harder to cast,
                  | but a little more powerful. [potion of mutation]
  3809 | D:5      | 3809 ||| READING scroll labelled POPHIC MEKINTO.
  3810 | D:5      | 3810 ||| READING scroll labelled HATOPI KOSTUKOAF.
  3961 | D:6      | Noticed a boulder beetle
  3971 | D:6      | HP: 11/62 [boulder beetle (48)]
  3972 | D:6      | 3972 ||| READING 5 scrolls of teleportation.
  4119 | D:6      | Reached skill level 6 in Dodging
  4145 | D:6      | Reached ** piety under Okawaru
  4146 | D:6      | Reached skill level 3 in Invocations
  4149 | D:6      | HP: 8/63 [orc/+2 hand axe of electrocution (19)]
  4150 | D:6      | 4150 ||| READING 4 scrolls of teleportation.
  4492 | D:6      | HP: 12/65 [boulder beetle (20)]
  4493 | D:6      | 4493 ||| READING 4 scrolls of teleportation.
  4493 | D:6      | Slain by a boulder beetle

Levels and vault maps discovered:
D:1:      matt_arrival_debris, layout_basic
D:2:      minmay_diamond_boxcup, layout_basic
D:3:      layout_basic, shapermc_ecumenical_altar_notcrosses,
          chequers_serial_rivers_micro_c
D:4:      layout_loops_ring, gammafunk_temple_overflow_forgotten,
          lightli_temple_of_fire, serial_glass, glass_columns_c,
          glass_columns_c, glass_columns_a, glass_columns_a, feat_on_display,
          item_on_display_a, item_on_display_a
D:5:      layout_rooms, minmay_temple_entry_mini_moons, uniq_prince_ribbit1,
          uniq_ijyb, uniq_blork_the_orc, uniq_duvessa, uniq_edmund
D:6:      layout_basic, grunt_temple_overflow_magic_moments
Temple:   jpeg_temple_clearing

Skill      XL: |  1  2  3  4  5  6  7  8  9 |
---------------+----------------------------+-----
Ranged Weapons | 4 5 7 |  7.4
Fighting       | 3 4 5 |  5.0
Dodging        | 3 4 5 6 |  6.0
Armour         | 2 |  2.0
Invocations    | 1 3 |  3.5
Stealth        | |  0.7

Action                     |  1- 3 |  4- 6 |  7- 9 || total
---------------------------+-------+-------+-------++-------
   Fire: Shortbow          |   102 |   172 |   269 ||   543
  Evoke: Wand              |       |     3 |     6 ||     9
    Use: Scroll            |     2 |    12 |     7 ||    21
         Potion            |       |     1 |     3 ||     4
 Armour: Leather armour    |    33 |    49 |    86 ||   168
  Dodge: Dodged            |    27 |    42 |   119 ||   188
         Repelled          |       |       |     1 ||     1

Table legend:
 A = Non-vault XP
 B = Vault XP
 C = Vault XP percentage of total XP
 D = Non-vault monster count
 E = Vault monster count
 F = Vault count percentage of total count
                 A         B        C        D         E       F
            +---------+---------+-------+---------+---------+-------
      Total |    1813 |     784 |  30.2 |     125 |      14 |  10.1
            +---------+---------+-------+---------+---------+-------
        D:1 |      23 |       0 |   0.0 |      14 |       0 |   0.0
        D:2 |      45 |      13 |  22.4 |      22 |       8 |  26.7
        D:3 |     216 |       0 |   0.0 |      25 |       0 |   0.0
        D:4 |     234 |       0 |   0.0 |      16 |       0 |   0.0
        D:5 |     753 |     771 |  50.6 |      20 |       6 |  23.1
        D:6 |     542 |       0 |   0.0 |      28 |       0 |   0.0
            +---------+---------+-------+---------+---------+-------
